 Dungeon Crawl Stone Soup version 0.29-a0-1009-g60c99734e7 (webtiles) character file.

Game seed: 12481308818662302969

15959 xian the Frost Mage (level 12, -2/81 HPs)
             Began as a Barachi Ice Elementalist on Aug 9, 2022.
             Was an Elder of Vehumet.
             Slain by a meliai
             ... wielding a +0 war axe
              (5 damage)
             ... on level 2 of the Lair of Beasts.
             The game lasted 00:57:51 (13629 turns).

xian the Frost Mage (Barachi Ice Elementalist)     Turns: 13629, Time: 00:57:52

Health: -2/81      AC: 28    Str:  8    XL:     12   Next: 32%
Magic:  24/27      EV:  6    Int: 31    God:    Vehumet [****..]
Gold:   610        SH:  0    Dex: 14    Spells: 20/33 levels left

rFire   + . .      SeeInvis +   z - +11 mace of Bofus {elec, rF+ rC+ Will+}
rCold   + + +      Faith    +   (no shield)
rNeg    . . .      Spirit   .   F - +0 acid dragon scales
rPois   .          Reflect  .   x - +3 crown of Dyrovepreva {rElec Int+2 SInv}
rElec   +          Harm     .   q - +2 cloak {Will+}
rCorr   +          Rampage  .   G - +0 pair of gloves
Will    ++...                   I - +0 pair of boots
Stlth   ++........              o - amulet of faith
HPRegen 0.23/turn               h - ring of Welutz {rC++ AC+4 SInv}
MPRegen 0.20/turn               L - +6 ring of intelligence

@: lethally poisoned (-2 -> -12), ice-armoured, held, slow
A: amphibious, slowness 1, strong legs 1, +LOS, clever 1, cold resistance 1,
deterioration 1
a: Hop, Renounce Religion


You were on level 2 of the Lair of Beasts.
You worshipped Vehumet.
Vehumet was greatly pleased with you.
You visited 2 branches of the dungeon, and saw 12 of its levels.

You collected 688 gold pieces.
You spent 78 gold pieces at shops.

Inventory:

Hand Weapons
 z - the +11 mace of Bofus (weapon) {elec, rF+ rC+ Will+}
   (You took it off a goblin on level 4 of the Dungeon)

   It occasionally discharges a powerful burst of electricity upon striking a
   foe.
   rF:        It protects you from fire.
   rC:        It protects you from cold.
   Will:      It increases your willpower.
 J - a +2 shortbow of freezing
Missiles
 P - a throwing net
Armour
 p - an orb of energy
 q - a +2 cloak of willpower (worn)
 x - the +3 crown of Dyrovepreva (worn) {rElec Int+2 SInv}
   (You found it on level 5 of the Dungeon)

   Int:       It affects your intelligence (+2).
   rElec:     It insulates you from electricity.
   SInv:      It lets you see invisible.
 F - +0 acid dragon scales (worn)
 G - a +0 pair of gloves (worn)
 I - a +0 pair of boots (worn)
Jewellery
 h - the ring of Welutz (left hand) {rC++ AC+4 SInv}
   (You acquired it on level 8 of the Dungeon)

   [ring of protection]

   AC:        It affects your AC (+4).
   rC:        It greatly protects you from cold.
   SInv:      It lets you see invisible.
 o - an amulet of faith (around neck)
 B - a +4 ring of evasion
 L - a +6 ring of intelligence (right hand)
 N - an amulet of regeneration
Wands
 a - a wand of charming (15)
 A - a wand of acid (6)
 O - a wand of roots (4)
Scrolls
 d - 3 scrolls of blinking
 j - 4 scrolls of immolation
 k - a scroll of vulnerability
 l - 4 scrolls of teleportation
 n - 4 scrolls of magic mapping
 u - a scroll of poison
 v - a scroll of torment
 y - a scroll of fear
 D - a scroll of brand weapon
 E - a scroll of identify
 H - a scroll of butterflies
Potions
 b - a potion of magic
 c - 4 potions of mutation
 e - 3 potions of heal wounds
 f - 3 potions of curing {unknown}
 g - a potion of flight
 i - 2 potions of resistance {unknown}
 m - 2 potions of degeneration {unknown}
 r - 3 potions of haste {unknown}
 s - 4 potions of might
 t - a potion of berserk rage {unknown}
 w - 2 potions of cancellation {unknown}
 C - a potion of lignification {unknown}
Miscellaneous
 M - a tin of tremorstones (2/2)


   Skills:
 + Level 3.4 Fighting
 + Level 0.7 Short Blades
 + Level 4.5 Maces & Flails
 + Level 4.2 Armour
 + Level 4.8 Dodging
 + Level 4.5 Stealth
 + Level 11.4 Spellcasting
 + Level 1.5 Conjurations
 + Level 13.7 Ice Magic
 * Level 9.4 Evocations


You had 20 spell levels left.
You knew the following spells:

 Your Spells              Type           Power      Damage    Failure   Level
a - Freeze                Ice            100%       1d11      0%          1
b - Frozen Ramparts       Ice            100%       1d16      1%          3
c - Ozocubu's Armour      Ice            80%        N/A       1%          3
d - Hailstorm             Conj/Ice       60%        3d13      1%          4
e - Blink                 Tloc           34%        N/A       7%          2

Your spell library contained the following spells:

 Spells                   Type           Power      Damage    Failure   Level
 Conjure Flame            Conj/Fire      22%        6-21      3%          3
 Dazzling Flash           Conj/Hex       44%        N/A       3%          3
 Beastly Appendage        Tmut           34%        N/A       4%          1
 Wereblood                Tmut           17%        N/A       7%          2
 Fulminant Prism          Conj/Hex       11%        3d9       10%         4
 Iskenderun's Mystic Bla  Conj/Tloc      22%        2d6       10%         4
 Lesser Beckoning         Tloc           17%        N/A       14%         3
 Spider Form              Tmut/Pois      17%        N/A       14%         3
 Summon Guardian Golem    Hex/Summ       17%        N/A       14%         3
 Lee's Rapid Deconstruct  Erth           8%         3d8*      32%         5
 Starburst                Conj/Fire      11%        6d5       75%         6
 Agony                    Necr           17%        N/A       78%         5
 Manifold Assault         Tloc           17%        N/A       78%         5
 Silence                  Hex/Air        8%         N/A       78%         5
 Orb of Destruction       Conj           13%        9d7       99%         7
 Spellforged Servitor     Conj/Summ      11%        N/A       99%         7


Dungeon Overview and Level Annotations

Branches:
Dungeon (10/15)            Temple (0/1) D:7            Lair (2/5) D:10
 Spider (0/4) Lair:2          Orc (0/2) D:9
  Swamp: Lair:2-3    Shoals: Lair:2-3

Altars:
Ashenzari
Dithmenos
Fedhas
Gozag
Nemelex Xobeh
Okawaru
Qazlal
Trog
Vehumet
Zin

Shops:
D:8 !

Annotations:
Lair:1 exclusion: oklob plant
Lair:2 Harold


Innate Abilities, Weirdness & Mutations

You are amphibious.
You cover ground slowly.
You can hop short distances.
You have an extended range of vision and can be seen from far away.
Your mind is acute. (Int +4, Str/Dex -1)
Your flesh is cold resistant. (rC+)
Your body sometimes deteriorates upon taking damage.


Message History

A black mamba comes into view.
A water moccasin comes into view.
Harold throws a throwing net.
The throwing net hits you.
You become entangled in the net!
The killer bee stings you but does no damage.
The water moccasin moves out of view.
You see here a throwing net.
You tear a large gash into the net.
The killer bee stings you but does no damage. x2
The cane toad stings you!
You struggle against the net.
The meliai hits you with a +0 war axe!
The meliai stings you but does no damage.
The killer bee stings you but does no damage.
The cane toad stings you. The killer bee stings you.
The meliai hits you but does no damage. The meliai stings you!
The killer bee buzzes angrily.
The black mamba hisses angrily.
You struggle against the net.
The killer bee completely misses you.
The cane toad stings you but does no damage.
The meliai hits you but does no damage.
The meliai stings you but does no damage.
The killer bee stings you but does no damage.
The killer bee stings you.
Unknown command.
Casting: Freeze (safe; 0% risk of failure)
Confirm with . or Enter, or press ? or * to list all spells.
A film of ice covers your body!
The blink frog gives a loud, deep croak!
The water moccasin hisses angrily.
The killer bee stings you but does no damage.
The meliai hits you with a +0 war axe.
The meliai stings you but does no damage.
The killer bee stings you but does no damage.
The cane toad stings you!
* * * LOW HITPOINT WARNING * * *
The killer bee stings you.
* * * LOW HITPOINT WARNING * * *
You are lethally poisoned!
The killer bee poisons you! The killer bee stings you!
* * * LOW HITPOINT WARNING * * *
The meliai hits you but does no damage. The meliai stings you.
You die...

###.#......## .## #...
...##.......#####.###....
.....#.......##..#...#...
###..#..................~
...#..#.................~
.>.#.##..................
...#..#.@...[............
###..#.yy................
.....#.y@......F.........
#####..##F#P###..#.P#....
##.##.# #S### #######....
#. ... #.# #.... # ...
#.. #...# ..... #.. #...#
#... PS## ##.... #.. .#
#....# .# ## ##...#


You could see Harold, a black mamba, a cane toad, a blink frog, a water
moccasin, a meliai and 2 killer bees.

Vanquished Creatures
  A hydra (D:10)
  3 two-headed ogres
  A tengu warrior (D:10)
  A lindwurm (Lair:1)
  Pikel (D:4)
  2 ugly things (D:10)
  Joseph (D:7)
  A cyclops (D:9)
  2 black mambas (Lair:1)
  Psyche (D:8)
  A cane toad (Lair:1)
  Maggie (D:7)
  A kobold demonologist (D:10)
  4 komodo dragons
  An efreet (D:10)
  A tengu conjurer (D:10)
  A troll (D:10)
  Prince Ribbit (D:8)
  19 yaks
  A wyvern (Lair:1)
  3 steam dragons
  Edmund (D:6)
  2 water moccasins
  2 ice beasts
  A sky beast (D:7)
  3 black bears
  2 ogres
  4 centaurs
  3 lemures (D:4)
  A phantom (D:5)
  3 kobold brigands
  3 bullfrogs
  3 scorpions
  A necrophage (D:5)
  A gnoll sergeant (D:6)
  5 killer bees (D:9)
  3 howler monkeys
  A jelly (D:8)
  5 hounds
  3 gnoll boudas
  3 iguanas
  7 orc priests
  10 orc wizards
  Robin (D:4)
  13 adders
  19 gnolls
  3 white imps
  A worm (D:5)
  3 dart slugs
  28 orcs
  5 endoplasms
  5 giant cockroaches
  13 goblins
  10 hobgoblins
  5 quokkas
  7 ball pythons
  8 bats
  A frilled lizard (D:3)
  23 kobolds
  2 rats
262 creatures vanquished.

Vanquished Creatures (others)
  3 fungi (Lair:2)
  36 plants
  15 toadstools (Lair:1)
54 creatures vanquished.

Grand Total: 316 creatures vanquished

Notes
Turn   | Place    | Note
-------+----------+-------------------------------------------
     0 | D:1      | xian the Barachi Ice Elementalist began the quest for the
                  | Orb.
     0 | D:1      | Reached XP level 1. HP: 13/13 MP: 3/3
   131 | D:1      | Found a faded altar of an unknown god.
   139 | D:1      | Reached skill level 5 in Ice Magic
   175 | D:1      | Reached XP level 2. HP: 17/19 MP: 3/5
   981 | D:2      | Reached XP level 3. HP: 24/24 MP: 2/6
   985 | D:2      | Learned a level 3 spell: Frozen Ramparts
  1127 | D:2      | Reached skill level 6 in Ice Magic
  1217 | D:2      | Reached XP level 4. HP: 30/30 MP: 3/7
  1762 | D:2      | Reached XP level 5. HP: 26/36 MP: 0/10
  1869 | D:2      | Learned a level 3 spell: Ozocubu's Armour
  1956 | D:3      | Found a stormy altar of Qazlal.
  2560 | D:3      | Found an iron altar of Okawaru.
  2915 | D:4      | Reached skill level 7 in Ice Magic
  2915 | D:4      | Reached skill level 1 in Evocations
  2915 | D:4      | Reached XP level 6. HP: 27/42 MP: 4/11
  3093 | D:4      | Found a sparkling altar of Nemelex Xobeh.
  3165 | D:4      | Identified the +11 mace of Bofus {elec, rF+ rC+ Will+}
  3309 | D:4      | Noticed Pikel
  3696 | D:4      | Noticed Robin
  3844 | D:4      | Killed Pikel
  3845 | D:4      | Reached skill level 1 in Fighting
  3845 | D:4      | Reached skill level 8 in Ice Magic
  3845 | D:4      | Reached XP level 7. HP: 12/48 MP: 2/14
  3974 | D:4      | Killed Robin
  3975 | D:4      | Reached skill level 5 in Spellcasting
  4248 | D:5      | Entered Level 5 of the Dungeon
  4302 | D:5      | Reached XP level 8. HP: 52/54 MP: 15/15
  4331 | D:5      | Reached skill level 1 in Maces & Flails
  4689 | D:5      | Found the +3 crown of Dyrovepreva {rElec Int+2 SInv}
  4791 | D:5      | You fall into a shaft and drop 2 floors!
  4948 | D:7      | Reached skill level 9 in Ice Magic
  5020 | D:7      | Found an opulent altar of Gozag.
  5065 | D:7      | Found a bloodstained altar of Trog.
  5074 | D:7      | Reached XP level 9. HP: 51/61 MP: 10/18
  5244 | D:7      | Found a radiant altar of Vehumet.
  5255 | D:7      | Became a worshipper of Vehumet
  5306 | D:7      | Noticed Joseph
  5308 | D:7      | Found a staircase to the Ecumenical Temple.
  5309 | D:7      | Noticed Maggie
  5324 | D:7      | Gained mutation: You have large cloven feet. [potion of
                  | mutation]
  5324 | D:7      | Gained mutation: You sometimes lose your temper in combat.
                  | [potion of mutation]
  5331 | D:7      | Killed Joseph
  5332 | D:7      | Killed Maggie
  5333 | D:7      | Reached skill level 5 in Evocations
  5357 | D:7      | Learned a level 4 spell: Hailstorm
  5931 | D:8      | Reached skill level 10 in Ice Magic
  6013 | D:8      | Reached skill level 1 in Armour
  6030 | D:8      | Found Boxoud's Distillery.
  6033 | D:8      | Bought a potion of flight for 39 gold pieces
  6033 | D:8      | Bought a potion of attraction for 39 gold pieces
  6034 | D:8      | Lost mutation: You have large cloven feet. [potion of
                  | mutation]
  6034 | D:8      | Lost mutation: You sometimes lose your temper in combat.
                  | [potion of mutation]
  6034 | D:8      | Gained mutation: Your body sometimes deteriorates upon
                  | taking damage. [potion of mutation]
  6034 | D:8      | Gained mutation: You expend magic power (3 MP) to
                  | strengthen your wands. [potion of mutation]
  6035 | D:8      | Lost mutation: Your body sometimes deteriorates upon taking
                  | damage. [potion of mutation]
  6035 | D:8      | Lost mutation: You expend magic power (3 MP) to strengthen
                  | your wands. [potion of mutation]
  6035 | D:8      | Gained mutation: Your mind is acute. (Int +4, Str/Dex -1)
                  | [potion of mutation]
  6035 | D:8      | Gained mutation: Your body sometimes deteriorates upon
                  | taking damage. [potion of mutation]
  6035 | D:8      | Gained mutation: Your flesh is cold resistant. (rC+)
                  | [potion of mutation]
  6123 | D:8      | Noticed Psyche
  6132 | D:8      | Killed Psyche
  6421 | D:8      | Noticed Prince Ribbit
  6423 | D:8      | Reached * piety under Vehumet
  6423 | D:8      | Offered knowledge of Sandblast by Vehumet.
  6442 | D:8      | Killed Prince Ribbit
  6443 | D:8      | Reached XP level 10. HP: 46/68 MP: 15/21
  6613 | D:8      | Identified a scroll of acquirement
  6613 | D:8      | Acquired the ring of Welutz {rC++ AC+4 SInv}
  7025 | D:6      | Noticed Edmund
  7057 | D:6      | Killed Edmund
  7487 | D:6      | Reached ** piety under Vehumet
  7487 | D:6      | Offered knowledge of Scorch by Vehumet.
  7687 | D:6      | Reached skill level 11 in Ice Magic
  9176 | D:5      | Learned a level 2 spell: Blink
  9321 | D:9      | Found a shadowy altar of Dithmenos.
  9408 | D:9      | Found a staircase to the Orcish Mines.
  9509 | D:9      | Noticed a cyclops
  9517 | D:9      | Killed a cyclops
  9585 | D:9      | Found a glowing silver altar of Zin.
  9676 | D:9      | Offered knowledge of Searing Ray by Vehumet.
  9869 | D:9      | Noticed a two-headed ogre
  9875 | D:9      | Killed a two-headed ogre
  9883 | D:9      | Reached XP level 11. HP: 63/73 MP: 11/24
 10190 | D:9      | Reached *** piety under Vehumet
 10483 | D:10     | Entered Level 10 of the Dungeon
 10483 | D:10     | Noticed a purple ugly thing
 10484 | D:10     | Noticed a tengu warrior
 10484 | D:10     | Noticed a green ugly thing
 10491 | D:10     | Killed a green ugly thing
 10492 | D:10     | Reached skill level 12 in Ice Magic
 10505 | D:10     | Killed a purple ugly thing
 10507 | D:10     | Killed a tengu warrior
 10824 | D:10     | Noticed a two-headed ogre
 10843 | D:10     | Killed a two-headed ogre
 11164 | D:10     | Found a broken altar of Ashenzari.
 11256 | D:10     | Noticed a two-headed ogre
 11265 | D:10     | Killed a two-headed ogre
 11330 | D:10     | Noticed a six-headed hydra
 11337 | D:10     | Killed a six-headed hydra
 11338 | D:10     | Reached skill level 10 in Spellcasting
 11451 | D:10     | Noticed a soul eater
 11562 | D:10     | Identified the +2 ring mail "Luyth" {rF+}
 11593 | D:10     | Found a staircase to the Lair.
 11605 | Lair:1   | Entered Level 1 of the Lair of Beasts
 11666 | Lair:1   | Offered knowledge of Conjure Flame by Vehumet.
 11667 | Lair:1   | Reached skill level 13 in Ice Magic
 12008 | Lair:1   | Reached skill level 1 in Conjurations
 12015 | Lair:1   | Reached XP level 12. HP: 81/81 MP: 9/26
 12271 | Lair:1   | Reached **** piety under Vehumet
 13065 | Lair:1   | Found a blossoming altar of Fedhas.
 13621 | Lair:2   | Noticed Harold
 13622 | Lair:2   | Found a hole to the Spider Nest.
 13629 | Lair:2   | HP: 3/81 [killer bee (7)]
 13629 | Lair:2   | Slain by a meliai

Illustrated notes

Levels and vault maps discovered:
D:1:      minmay_arrival_shattered_statue, layout_loops_ring,
          hellmonk_ecumenical_altar_pennies_from_heaven
D:2:      layout_loops_ring
D:3:      layout_loops_corners, kennysheep_okawaru_gauntlet,
          nicolae_qazlal_general_emergency, minmay_misc_feat_chi,
          grunt_decor_junction
D:4:      layout_cave_pools, mainiacjoe_overflow_brackets, uniq_pikel,
          uniq_robin
D:5:      lemuel_ice_spiral_2, layout_basic
D:6:      layout_layer_cave, uniq_edmund
D:7:      layout_basic, mainiacjoe_overflow_surrounded_room,
          nicolae_overflow_hidden_temple, trog_ov_bears_minmay,
          minmay_temple_entry_glass, small_statue_intersection,
          nicolae_figureground_sparkle, uniq_maggie, uniq_joseph
D:8:      cheibrodos_elevator_heist, layout_loops_ring, serial_shops,
          kennysheep_mini_moat, uniq_prince_ribbit1, uniq_psyche, uniq_grum
D:9:      layout_basic, zin_statuary, mainiacjoe_overflow_paths, orc_0_dummy
D:10:     minmay_tri_box, layout_rooms, nicolae_overflow_crystal_walls,
          ashenzari_conservatory_becter, lemuel_zombie_altar_kikubaaqudgha,
          serial_shops, kennysheep_mini
Lair:1:   layout_long_grid, serial_rivers, chequers_serial_rivers_micro_e,
          chequers_serial_rivers_large_a, chequers_serial_rivers_micro_c,
          chequers_serial_rivers_small_a, chequers_serial_rivers_micro_c,
          tgw_fedhas, infiniplex_staircase_pool, lemuel_fruit_tree
Lair:2:   layout_regular_city, nicolae_swamp_entry_splash_gauntlet,
          hellmonk_spider_entry_not_the_bees, guppyfry_lair_drakes,
          infiniplex_staircase_pool_2, grunt_megastairs_1, uniq_harold

Skill      XL: |  1  2  3  4  5  6  7  8  9 10 11 12 |
---------------+-------------------------------------+-----
Ice Magic      | 5 6 7 8 9 10 11 13 | 13.7
Stealth        | 2 3 4 |  4.5
Spellcasting   | 3 4 5 6 7 9 10 11 | 11.4
Evocations     | 1 2 3 4 5 7 9 |  9.4
Fighting       | 1 2 3 |  3.4
Maces & Flails | 2 3 4 |  4.5
Dodging        | 3 4 |  4.8
Armour         | 2 3 4 |  4.2
Conjurations   | 1 |  1.5
Short Blades   | |  0.7

Action                   |  1- 3 |  4- 6 |  7- 9 | 10-12 || total
-------------------------+-------+-------+-------+-------++-------
Melee: Dagger            |    18 |    27 |       |       ||    45
       Punch             |     1 |     1 |       |       ||     2
       Mace              |       |     6 |    48 |    79 ||   133
       Kick              |       |       |     2 |       ||     2
 Cast: Freeze            |    28 |    60 |    44 |   142 ||   274
       Frozen Ramparts   |     1 |    11 |    16 |    34 ||    62
       Ozocubu's Armour  |       |     3 |    10 |    37 ||    50
       Hailstorm         |       |       |     2 |    12 ||    14
       Blink             |       |       |       |     1 ||     1
 Abil: Hop               |       |       |     1 |     1 ||     2
Evoke: Wand              |       |       |       |     1 ||     1
  Use: Potion            |       |     1 |     4 |     2 ||     7
       Scroll            |       |       |     7 |     8 ||    15
 Stab: Sleeping          |     2 |     3 |     1 |     2 ||     8
Armor: Robe              |    17 |    30 |    42 |       ||    89
       Acid dragon scale |       |       |    11 |   193 ||   204
Dodge: Dodged            |    25 |    51 |    89 |   185 ||   350

Table legend: (Time is in decaauts)
 A = Elapsed time spent in this place.
 B = Non-inter-level travel time spent in this place.
 C = Inter-level travel time spent in this place.
 D = Time resting spent in this place.
 E = Time spent auto-exploring this place.
 F = Levels seen in this place.
 G = Mean time per level.
                   A        B        C        D        E       F      G
               +--------+--------+--------+--------+--------+-----+--------+
         Total |  15146 |  14714 |    432 |   1184 |   9816 |  12 | 1262.2 |
       Dungeon |  12955 |  12568 |    387 |    819 |   8574 |  10 | 1295.5 |
          Lair |   2191 |   2147 |     44 |    365 |   1242 |   2 | 1095.5 |
               +--------+--------+--------+--------+--------+-----+--------+

Top non-repeatable levels by time:
  Lair:1: 1961 daAuts
     D:5: 1662 daAuts
     D:6: 1641 daAuts
     D:4: 1461 daAuts
     D:9: 1322 daAuts
     D:8: 1217 daAuts
     D:7: 1204 daAuts
    D:10: 1179 daAuts
     D:3: 1094 daAuts
     D:1: 1086 daAuts
     D:2: 1084 daAuts
  Lair:2: 229 daAuts
